 Dungeon Crawl Stone Soup version 0.28.0-62-gf88900778d (webtiles) character file.

Game seed: 11524965959007005078

41 cbfl8 the Sneak (level 3, -2/21 HPs)
             Began as a Kobold Brigand on July 2, 2023.
             Slain by a hobgoblin
             ... wielding a +0 short sword
              (5 damage)
             ... on level 2 of the Dungeon.
             The game lasted 00:01:13 (1415 turns).

cbfl8 the Sneak (Kobold Brigand)                    Turns: 1415, Time: 00:01:14

Health: -2/21      AC:  6    Str:  8    XL:     3   Next: 75%
Magic:  3/3        EV: 12    Int: 12    God:
Gold:   31         SH:  0    Dex: 18    Spells: 2/2 levels left

rFire   . . .      SeeInvis .   k - +0 short sword
rCold   . . .      Faith    .   (no shield)
rNeg    . . .      Spirit   .   j - +0 ring mail
rPois   .          Reflect  .   (no helmet)
rElec   .          Harm     .   c - +0 cloak
rCorr   .          Rampage  .   (no gloves)
Will    .....                   (no boots)
Stlth   ++++......              (no amulet)
HPRegen 0.07/turn               (no ring)
MPRegen 0.08/turn               (no ring)

@: attractive, flying
A: small, no large weapons, nightstalker 3
a: no special abilities


You were on level 2 of the Dungeon.
You visited 1 branch of the dungeon, and saw 2 of its levels.

You collected 31 gold pieces.

Inventory:

Hand Weapons
 k - a +0 short sword (weapon)
Missiles
 d - 13 poisoned darts (quivered)
 e - 2 curare-tipped darts
Armour
 c - a +0 cloak (worn)
 j - a +0 ring mail (worn)
Scrolls
 b - a scroll of enchant armour
 g - a scroll of identify
 h - a scroll of teleportation {unknown}


   Skills:
 + Level 2.2 Fighting
 + Level 2.9 Short Blades
 - Level 2.1 Throwing
 + Level 1.3 Dodging
 * Level 6.8 Stealth
 * Level 0.6 Evocations


You had 2 spell levels left.
You didn't know any spells.
Your spell library was empty.

Dungeon Overview and Level Annotations

Branches:
Dungeon (2/15)

Altars:


Innate Abilities, Weirdness & Mutations

You are small and have problems with some larger weapons.
You are completely attuned to the shadows.


Message History

You closely miss the hobgoblin.
The hobgoblin hits you with a +0 short sword.
There are monsters nearby!
You hit the hobgoblin but do no damage. The hobgoblin closely misses you.
There are monsters nearby!
You hit the adder.
The adder is lightly wounded.
The adder barely misses you.
The hobgoblin hits you but does no damage.
There are monsters nearby!
You barely miss the adder.
The adder is lightly wounded.
The adder bites you but does no damage. The hobgoblin misses you.
The adder bites you.
You are poisoned.
The adder poisons you!
You hit the adder.
The adder is heavily wounded.
You feel sick. The hobgoblin barely misses you. The adder closely misses you.
You barely miss the adder.
The adder is heavily wounded.
You feel sick. The adder completely misses you.
The hobgoblin closely misses you.
You feel sick. The adder misses you.
You feel sick.
It was a potion of flight.
You feel very buoyant.
You fly up into the air.
You feel sick.
The hobgoblin hits you with a +0 short sword.
* * * LOW HITPOINT WARNING * * *
It was a potion of attraction.
You feel attractive to monsters.
You feel sick. The hobgoblin misses you.
As you read the scroll labelled GAAR RAHIEWN, it crumbles to dust.
It is a scroll of identify.
b - a scroll of enchant armour You feel sick.
You are no longer poisoned.
The hobgoblin hits you with a +0 short sword.
You die...

#..... ...... #.....
.....###..... .#
.....#@gS.... .#
......#.#..... .#
.......#.#..... .#
#.............##....
.# #...........###
#...
.###...........#
..##†..# ###.###
....)..# #...#
..#)##.####.#.#


You could see an adder and a hobgoblin.

Vanquished Creatures
  A gnoll (D:1)
  A worm (D:2)
  A dart slug (D:1)
  2 ball pythons (D:2)
  2 endoplasms (D:1)
  4 goblins (D:1)
  A hobgoblin (D:1)
  2 kobolds (D:2)
  4 quokkas
  2 bats
  3 rats
23 creatures vanquished.

Notes
Turn   | Place    | Note
-------+----------+-------------------------------------------
     0 | D:1      | cbfl8 the Kobold Brigand began the quest for the Orb.
     0 | D:1      | Reached XP level 1. HP: 12/12 MP: 1/1
   497 | D:1      | Reached XP level 2. HP: 17/17 MP: 2/2
   507 | D:1      | Reached skill level 6 in Stealth
   564 | D:1      | Reached XP level 3. HP: 21/21 MP: 3/3
  1415 | D:2      | Slain by a hobgoblin

Illustrated notes

Levels and vault maps discovered:
D:1:      lightli_molten_gateway, layout_basic, serial_glass, glass_columns_c,
          glass_columns_b, glass_columns_c, glass_columns_b, glass_columns_c,
          glass_columns_a, glass_columns_a, glass_columns_a, glass_columns_a,
          glass_columns_a, glass_columns_b, glass_columns_b, glass_columns_b,
          glass_columns_c
D:2:      layout_rooms, uniq_jessica

Skill      XL: |  1  2 |
---------------+-------+-----
Stealth        | 6 |  6.8
Fighting       | |  2.2
Short Blades   | |  2.9
Throwing       | |  2.1
Dodging        | |  1.3
Evocations     | |  0.6

Action                   || total
-------------------------++-------
Melee: Dagger            ||    61
       Short sword       ||     6
       Punch             ||     1
  Use: Potion            ||     2
       Scroll            ||     1
 Stab: Sleeping          ||    14
Armor: Ring mail         ||    11
Dodge: Dodged            ||    38
